 Dungeon Crawl Stone Soup version 0.26.1-11-gd32895ea62 (webtiles) character file.

Game seed: 2811440306572370173

543 Almogavar the Covert (level 7, -5/35 HPs)
             Began as a Spriggan Brigand on June 28, 2021.
             Slain by a centaur (8 damage)
             ... on level 5 of the Dungeon.
             The game lasted 00:21:52 (6947 turns).

Almogavar the Covert (Spriggan Brigand)             Turns: 6947, Time: 00:21:52

Health: -5/35      AC:  3    Str:  7      XL:     7   Next: 6%
Magic:  0/8        EV: 21    Int: 13      God:
Gold:   315        SH:  0    Dex: 24 (25) Spells: 6/6 levels left

rFire    + . .     SeeInvis +   a - +2 dagger
rCold    . . .     Faith    .   (shield restricted)
rNeg     . . .     Spirit   +   b - +0 robe
rPois    .         Reflect  .   (helmet restricted)
rElec    .         Harm     .   c - +0 cloak
rCorr    .         Rampage  .   (gloves unavailable)
Will     +....                  (boots unavailable)
Stlth    +++++.....             y - amulet of guardian spirit
HPRegen  0.11/turn              s - ring of protection from fire
MPRegen  0.11/turn              u - +6 ring of dexterity

@: very quick
A: very small, unfitting armour, see invisible, speed 3
a: no special abilities


You were on level 5 of the Dungeon.
You visited 1 branch of the dungeon, and saw 5 of its levels.

You collected 315 gold pieces.

Inventory:

Hand Weapons
 a - a +2 dagger (weapon)
 q - a +3 short sword
 G - a +0 hunting sling
Missiles
 d - 15 poisoned darts (quivered)
 e - 2 curare-tipped darts
 j - 238 stones
 p - 51 sling bullets
Armour
 b - a +0 robe (worn)
 c - a +0 cloak (worn)
 v - a +0 leather armour
 D - a +2 buckler
Jewellery
 o - an uncursed ring of ice
 s - a ring of protection from fire (left hand)
 u - a +6 ring of dexterity (right hand)
 y - an amulet of guardian spirit (around neck)
Wands
 r - a wand of acid (10)
Scrolls
 g - a scroll of blinking
 k - 3 scrolls of fear {unknown}
 l - 3 scrolls of remove curse
 m - a scroll of magic mapping {unknown}
 n - a scroll of enchant armour {unknown}
 t - 2 scrolls of enchant weapon {unknown}
 A - a scroll of amnesia {unknown}
 B - 2 scrolls of teleportation {unknown}
 C - a scroll of random uselessness {unknown}
 E - a scroll of immolation {unknown}
 H - a scroll of identify
Potions
 f - a potion of haste {unknown}
 h - a potion of magic
 i - 2 potions of flight {unknown}
 w - 2 potions of curing {unknown}
 x - a potion of mutation {unknown}
 z - a potion of resistance {unknown}
 F - a potion of invisibility {unknown}
 I - a potion of berserk rage {unknown}


   Skills:
 + Level 2.4 Fighting
 + Level 5.0 Short Blades
 + Level 1.3(2.3) Slings
 - Level 2.4(2.6) Throwing
 + Level 4.7 Dodging
 + Level 8.8 Stealth


You had 6 spell levels left.
You didn't know any spells.
Your spell library contained the following spells:

 Spells                   Type           Power        Failure   Level
 Beastly Appendage        Tmut           0%           30%         1
 Magic Dart               Conj           0%           30%         1
 Searing Ray              Conj           0%           43%         2
 Wereblood                Tmut           0%           43%         2
 Dazzling Flash           Conj/Hex       0%           67%         3
 Spider Form              Tmut/Pois      0%           67%         3
 Fulminant Prism          Conj/Hex       0%           97%         4
 Ice Form                 Ice/Tmut       0%           97%         4
 Iskenderun's Mystic Bla  Conj/Tloc      0%           97%         4
 Blade Hands              Tmut           0%           100%        5


Dungeon Overview and Level Annotations

Branches:
Dungeon (5/15)             Temple (0/1) D:5

Altars:
Fedhas

Shops:
D:5 :


Innate Abilities, Weirdness & Mutations

You are very small and have problems with some larger weapons.
You are too small for most types of armour.
You have supernaturally acute eyesight. (SInv)
You cover ground extremely quickly.


Message History

The centaur is moderately wounded.
The centaur hits you!
* * * LOW HITPOINT WARNING * * *
You barely miss the centaur.
The centaur is moderately wounded.
The centaur misses you. The centaur hits you.
* * * LOW HITPOINT WARNING * * *
You hit the centaur.
The centaur is heavily wounded.
The centaur hits you but does no damage.
You hit the centaur but do no damage.
The centaur is heavily wounded.
The centaur misses you.
You hit the centaur but do no damage.
The centaur is heavily wounded.
The centaur closely misses you.
You hit the centaur but do no damage.
The centaur is heavily wounded.
The centaur hits you!
You die...

#######.....#
.((.....((..######## ....
#####....(........# ....
#.c.............# ...
#.##.)..........# ..#
##.###..#####.#..# #.#
###..##..(......##.## #.#
##..c###.#######.##...
#####.######....@...# ## #......
.............((.....#######.####.
#####.####...#......'(._..+. #.
###............###..###.### ##
....#.##.##..### #..# #. #..####
.####.##....### ##.###'###.....#
..<##.#####...#####.............#
##..#..####.#....######..........
###.##....#.####..###...........#


You could see a centaur.

Vanquished Creatures
  A scorpion (D:4)
  A howler monkey (D:4)
  A centaur zombie (D:5)
  A quasit (D:5)
  An orc wizard (D:4)
  Ijyb (D:3)
  An iguana (D:5)
  2 worker ants (D:5)
  4 gnolls
  A howler monkey skeleton (D:5)
  7 adders
  2 shadow imps
  A worm (D:2)
  3 dart slugs
  4 leopard geckos
  11 orcs
  A giant cockroach (D:3)
  21 goblins
  10 hobgoblins
  9 jackals
  2 quokkas
  9 bats
  7 frilled lizards
  14 kobolds
  A leopard gecko skeleton (D:5)
  A leopard gecko zombie (D:5)
  5 rats
122 creatures vanquished.

Notes
Turn   | Place    | Note
-------+----------+-------------------------------------------
     0 | D:1      | Almogavar the Spriggan Brigand began the quest for the Orb.
     0 | D:1      | Reached XP level 1. HP: 10/10 MP: 2/2
    61 | D:1      | Reached skill level 6 in Stealth
   188 | D:1      | Reached XP level 2. HP: 13/14 MP: 3/3
   710 | D:1      | Reached skill level 7 in Stealth
   710 | D:1      | Reached XP level 3. HP: 15/18 MP: 4/4
  1414 | D:2      | Reached XP level 4. HP: 19/23 MP: 5/5
  1577 | D:2      | Found a faded altar of an unknown god.
  2684 | D:3      | Noticed Ijyb
  2691 | D:3      | Killed Ijyb
  3007 | D:3      | Reached XP level 5. HP: 26/26 MP: 6/6
  3384 | D:4      | Reached skill level 8 in Stealth
  4755 | D:4      | Reached XP level 6. HP: 26/30 MP: 5/7
  5360 | D:5      | Entered Level 5 of the Dungeon
  5388 | D:5      | Found a blossoming altar of Fedhas.
  6251 | D:5      | Found a staircase to the Ecumenical Temple.
  6323 | D:4      | Reached skill level 1 in Slings
  6612 | D:5      | Found Hest's Book Boutique.
  6629 | D:5      | Reached skill level 5 in Short Blades
  6852 | D:5      | Reached XP level 7. HP: 31/35 MP: 8/8
  6947 | D:5      | Slain by a centaur

Illustrated notes

Levels and vault maps discovered:
D:1:      giann_wishing_wells, layout_rooms, nrook_mini_vaults,
          hangedman_glass_teeth, chequers_serial_rivers_micro_c,
          minmay_misc_feat_plants, minmay_misc_feat_rows
D:2:      layout_rooms, chequers_ecumenical_altar_island
D:3:      layout_loops_ring, minmay_misc_feat_five, minmay_misc_feat_encased,
          uniq_ijyb
D:4:      cheibrodos_greedy_goblins, layout_cave_pods
D:5:      layout_rooms, lemuel_doored_altar, minmay_temple_entry_large_hall,
          serial_shops, shop

Skill      XL: |  1  2  3  4  5  6 |
---------------+-------------------+-----
Stealth        | 6 7 8 |  8.8
Dodging        | 2 3 4 |  4.7
Short Blades   | 3 4 5 |  5.0
Fighting       | 2 |  2.4
Slings         | 1 |  1.3
Throwing       | |  2.4

Action                   |  1- 3 |  4- 6 |  7- 9 || total
-------------------------+-------+-------+-------++-------
Melee: Dagger            |   140 |   483 |    13 ||   636
 Fire: Hunting sling     |       |    27 |     7 ||    34
Throw: Dart              |       |    28 |       ||    28
  Use: Scroll            |       |     4 |       ||     4
 Stab: Sleeping          |     9 |    15 |       ||    24
       Distracted        |       |     4 |       ||     4
Armor: Robe              |    12 |    27 |     1 ||    40
Dodge: Dodged            |    97 |   321 |    18 ||   436
